 Dungeon Crawl Stone Soup version 0.25.0-9-g26727b657a (webtiles) character file.

Game seed: 14578895925767243312

64 Delamore the Cudgeler (level 4, -2/28 HPs)
             Began as a Gargoyle Fighter on June 18, 2020.
             Slain by Robin
             ... wielding a +0 trident
              (5 damage)
             ... on level 2 of the Dungeon.
             The game lasted 00:00:44 (995 turns).

Delamore the Cudgeler (Gargoyle Fighter)             Turns: 995, Time: 00:00:45

Health: -2/28      AC: 10    Str: 20    XL:     4   Next: 12%
Magic:  4/4        EV:  7    Int:  9    God:
Gold:   69         SH:  9    Dex:  9    Spells: 3/3 levels left

rFire    . . .     SeeInvis .   a - +0 flail
rCold    . . .     Gourm    .   c - +0 kite shield
rNeg     + . .     Faith    .   b - +0 scale mail
rPois    ∞         Spirit   .   (no helmet)
rElec    +         Reflect  .   (no cloak)
rCorr    .         Harm     .   (no gloves)
MR       .....                  (no boots)
Stlth    ..........             (no amulet)
HPRegen  0.09/turn              (no ring)
MPRegen  0.09/turn              (no ring)

@: no status effects
A: negative energy resistance 1, electricity resistance, unbreathing,
petrification resistance, rot immunity, AC +3
a: no special abilities


You were on level 2 of the Dungeon.
You were hungry.

You visited 1 branch of the dungeon, and saw 2 of its levels.

You collected 69 gold pieces.

Inventory:

Hand Weapons
 a - a +0 flail (weapon)
Armour
 b - a +0 scale mail (worn)
 c - a +0 kite shield (worn)
Scrolls
 h - 2 scrolls of identify {unknown}
 i - 2 scrolls of random uselessness {unknown}
Potions
 d - a potion of might
 e - a potion of brilliance {unknown}
 g - a potion of invisibility {unknown}
 j - a potion of heal wounds {unknown}
 l - a potion of haste
Comestibles
 f - 2 rations
 k - 4 chunks of flesh


   Skills:
 - Level 3.2 Fighting
 + Level 4.3 Maces & Flails
 - Level 3.2 Armour
 - Level 3.2 Shields


You had 3 spell levels left.
You didn't know any spells.
Your spell library was empty.

Dungeon Overview and Level Annotations

Branches:
Dungeon (2/15)

Altars:

Annotations:
D:2 Robin


Innate Abilities, Weirdness & Mutations

You are resistant to torment.
Your stone body is resilient. (AC +3)
You are immune to poison.
You resist negative energy. (rN+)
You are resistant to electric shocks. (rElec)
You can survive without breathing.
You are immune to petrification.
You are immune to rotting.


Message History

The goblin goes into a battle-frenzy!
The goblin hits you but does no damage. The hobgoblin closely misses you.
You thump the hobgoblin!
You kill the hobgoblin!
Robin hits you from afar with a +0 trident.
The goblin hits you.
* * * LOW HITPOINT WARNING * * *
You swing at nothing.
Robin hits you but does no damage. The goblin hits you but does no damage.
You swing at nothing.
The goblin hits you.
* * * LOW HITPOINT WARNING * * *
You block Robin's attack. The goblin hits you but does no damage.
You swing at nothing.
Robin hits you but does no damage. The goblin hits you but does no damage.
You block Robin's attack.
You swing at nothing.
The goblin barely misses you. Robin hits you but does no damage.
You swing at nothing.
You block the goblin's attack. You block Robin's attack.
You swing at nothing.
The goblin barely misses you.
Robin hits you from afar with a +0 trident.
You die...

# ####### .#
......# ..#
......#
#########...#
......#
#.....g@)...+
......#
##.######g..#
......# #.#
..# ......#
#.# ##
......# #.#
'###### #.#
.# #.# .# #.#
.# #.#


You could see Robin and a goblin (strong).

Vanquished Creatures
  Jessica (D:2)
  A dart slug (D:1)
  2 bats (D:1)
  A giant cockroach (D:1)
  9 goblins
  7 hobgoblins
  A quokka (D:2)
  7 kobolds (D:1)
  2 rats (D:1)
31 creatures vanquished.

Notes
Turn   | Place    | Note
-------+----------+-------------------------------------------
     0 | D:1      | Delamore the Gargoyle Fighter began the quest for the Orb.
     0 | D:1      | Reached XP level 1. HP: 14/14 MP: 1/1
   117 | D:1      | Reached XP level 2. HP: 18/19 MP: 2/2
   355 | D:1      | Reached skill level 3 in Maces & Flails
   853 | D:2      | Noticed Jessica
   861 | D:2      | Killed Jessica
   861 | D:2      | Reached skill level 4 in Maces & Flails
   861 | D:2      | Reached XP level 3. HP: 20/23 MP: 3/3
   947 | D:2      | Noticed Robin
   971 | D:2      | Reached XP level 4. HP: 19/28 MP: 4/4
   995 | D:2      | Slain by Robin

Illustrated notes

Levels and vault maps discovered:
D:1:      dpeg_arrival_radiant, layout_loops_ring, nrook_mini_backslash
D:2:      kennysheep_the_goblin_king, layout_basic, uniq_jessica, uniq_robin,
          uniq_sigmund

Skill      XL: |  1  2 |
---------------+-------+-----
Maces & Flails | 4 |  4.3
Fighting       | |  3.2
Armour         | |  3.2
Shields        | |  3.2

Action                   |  1- 3 |  4- 6 || total
-------------------------+-------+-------++-------
Melee: Flail             |   118 |    18 ||   136
Armor: Scale mail        |    57 |    21 ||    78
Dodge: Dodged            |    36 |    14 ||    50
Block: Kite shield       |    78 |    19 ||    97
